 Dungeon Crawl Stone Soup version 0.29-a0-397-g846e4a0bbc (webtiles) character file.

Game seed: 2926451544377645645

113 quinnr the Gusty (level 4, 0/24 HPs)
             Began as a Tengu Air Elementalist on May 11, 2022.
             Was an Initiate of Vehumet.
             Slain by a goblin
             ... wielding a +0 club
              (4 damage)
             ... on level 4 of the Dungeon.
             The game lasted 00:06:05 (3960 turns).

quinnr the Gusty (Tengu Air Elementalist)           Turns: 3960, Time: 00:06:06

Health: 0/24       AC: -4    Str:  8    XL:     4   Next: 96%
Magic:  2/8        EV: 13    Int: 23    God:    Vehumet [......]
Gold:   46         SH:  5    Dex: 15    Spells: 0/7 levels left

rFire   . . .      SeeInvis .   (no weapon)
rCold   . . .      Faith    .   (no shield)
rNeg    . . .      Spirit   .   a - +0 robe
rPois   .          Reflect  +   (helmet restricted)
rElec   .          Harm     .   r - +1 cloak
rCorr   .          Rampage  .   (no gloves)
Will    .....                   (boots unavailable)
Stlth   ++........              o - amulet of reflection
HPRegen 0.08/turn               k - +6 ring of intelligence
MPRegen 0.11/turn               (no ring)

@: corroded
A: beak, talons 3
a: Renounce Religion


You were on level 4 of the Dungeon.
You worshipped Vehumet.
Vehumet was noncommittal.
You visited 2 branches of the dungeon, and saw 5 of its levels.

You collected 82 gold pieces.
You spent 36 gold pieces at shops.

Inventory:

Armour
 a - a +0 robe (worn)
 r - a +1 cloak (worn)
Jewellery
 e - a ring of fire
 k - a +6 ring of intelligence (left hand)
 o - an amulet of reflection (around neck)
Scrolls
 c - 4 scrolls of teleportation {unknown}
 d - 2 scrolls of fog {unknown}
 g - 4 scrolls of identify
 i - 3 scrolls of vulnerability {unknown}
 j - 2 scrolls of blinking {unknown}
 n - a scroll of summoning {unknown}
 q - 2 scrolls of magic mapping {unknown}
Potions
 b - a potion of magic
 f - 2 potions of curing {unknown}
 h - a potion of resistance {unknown}
 l - a potion of mutation {unknown}
 m - a potion of cancellation {unknown}
 p - a potion of haste {unknown}
 s - a potion of degeneration {unknown}


   Skills:
 + Level 2.8 Dodging
 - Level 2.0 Stealth
 - Level 2.0 Spellcasting
 - Level 1.3 Conjurations
 * Level 6.9 Air Magic


You couldn't memorise any spells.
You knew the following spells:

 Your Spells              Type           Power      Damage    Failure   Level
a - Shock                 Conj/Air       84%        1d8       2%          1
b - Airstrike             Air            17%        N/A       8%          4
c - Static Discharge      Conj/Air       21%        N/A       3%          2

Your spell library contained the following spells:

 Spells                   Type           Power      Damage    Failure   Level
 Swiftness                Air            34%        N/A       2%          3
 Foxfire                  Conj/Fire      20%        2x1d5     10%         1
 Animate Skeleton         Necr           4%         N/A       13%         1
 Apportation              Tloc           4%         N/A       13%         1
 Beastly Appendage        Tmut           4%         N/A       13%         1
 Summon Small Mammal      Summ           8%         N/A       13%         1
 Wereblood                Tmut           2%         N/A       19%         2
 Conjure Flame            Conj/Fire      5%         6-21      28%         3
 Inner Flame              Hex/Fire       2%         N/A       36%         3
 Spider Form              Tmut/Pois      2%         N/A       36%         3
 Flame Wave               Conj/Fire      5%         2d5       67%         4
 Cause Fear               Hex            1%         N/A       77%         4
 Discord                  Hex            1%         N/A       100%        8


Dungeon Overview and Level Annotations

Branches:
Dungeon (4/15)             Temple (1/1) D:4

Altars:
Dithmenos
Elyvilon
Fedhas
Hepliaklqana
Kikubaaqudgha
Makhleb
Nemelex Xobeh
Qazlal
Sif Muna
Trog
Uskayaw
Vehumet
Xom
Yredelemnul
The Shining One

Shops:
D:3 ?


Innate Abilities, Weirdness & Mutations

You have a beak for a mouth.
You have claws for feet.


Message History

You see here a quokka corpse.
The zap hits the goblin.
The goblin is moderately wounded.
The goblin shouts!
You hear a shout! x2
The zap hits the jelly.
The jelly is lightly wounded.
The zap hits the jelly.
The jelly is lightly wounded.
The zap hits the jelly.
The jelly is moderately wounded.
The zap hits the jelly.
The jelly is heavily wounded.
Casting: Shock (safe; 2% risk of failure)
Confirm with . or Enter, or press ? or * to list all spells.
You don't have enough magic to cast this spell.
Unknown command.
You hit the jelly. The acid corrodes you!
Your hands burn!
Your kick misses the jelly.
The jelly is severely wounded.
The jelly hits you. The acid corrodes you!
You are splashed with acid!
Unknown command.
The goblin hits you with a +0 club.
An orc comes into view. It is wielding a +0 short sword.
A hobgoblin comes into view.
A hobgoblin comes into view.
The goblin barely misses you.
Okay, then.
The goblin attacks as you move away! The goblin barely misses you.
You see here 5 boomerangs.
The jelly attacks as you move away! The jelly hits you. The acid corrodes you!
You are splashed with acid.
* * * LOW HITPOINT WARNING * * *
The hobgoblin shouts!
Okay, then.
The goblin attacks as you move away! The goblin barely misses you.
The hobgoblin attacks as you move away! The hobgoblin barely misses you.
The jelly attacks as you move away! The jelly completely misses you.
The hobgoblin attacks as you move away! The hobgoblin barely misses you.
The goblin attacks as you move away! The goblin hits you with a +0 club.
You die...

....... #J..#####
....o.#####..#.###
...............##
#.##..#.#......#
##o(..######..##
##g.........#..##
#....##...).†...#
####Jg.#####'####..#
#..@g####.......#..#
#........# #.......#..#
...#.......
#..?§...#.## .
..........+..§≈≈..+.#
...##.#.....#...≈)..#..
.. ......###.......# #
....#... #...$...#
#.#.# ##..


You could see a jelly, an orc, 2 hobgoblins and a goblin.

Vanquished Creatures
  A gnoll (D:4)
  4 adders
  A worm (D:3)
  5 orcs
  3 endoplasms
  3 giant cockroaches
  6 goblins
  5 hobgoblins
  2 jackals (D:1)
  5 kobolds
  3 quokkas
  6 ball pythons
  6 bats
  3 frilled lizards
  2 rats (D:1)
55 creatures vanquished.

Vanquished Creatures (others)
  6 plants (D:1)
6 creatures vanquished.

Grand Total: 61 creatures vanquished

Notes
Turn   | Place    | Note
-------+----------+-------------------------------------------
     0 | D:1      | quinnr the Tengu Air Elementalist began the quest for the
                  | Orb.
     0 | D:1      | Reached XP level 1. HP: 10/10 MP: 4/4
   276 | D:1      | Reached XP level 2. HP: 15/15 MP: 1/6
   432 | D:1      | Reached skill level 5 in Air Magic
   862 | D:1      | Reached XP level 3. HP: 18/19 MP: 1/7
  1204 | D:1      | Found a faded altar of an unknown god.
  1693 | D:2      | Reached skill level 6 in Air Magic
  2364 | D:3      | Reached XP level 4. HP: 24/24 MP: 1/8
  3095 | D:3      | Found Ylecaon's Magic Scroll Shoppe.
  3101 | D:3      | Bought a scroll of identify for 24 gold pieces
  3101 | D:3      | Bought a scroll of noise for 12 gold pieces
  3578 | D:4      | Found a staircase to the Ecumenical Temple.
  3590 | Temple   | Entered the Ecumenical Temple
  3591 | Temple   | quinnr: !whichgod TeAE
  3591 | Temple   | beem: 53 recent wins for TeAE: 27x Vehumet, 9x Ashenzari,
                  | 5x Gozag, 4x Sif Muna, 2x Ru, Zin, Cheibriados,
                  | Hepliaklqana, Makhleb, Okawaru, Qazlal
  3801 | Temple   | Became a worshipper of Vehumet
  3900 | D:3      | Learned a level 4 spell: Airstrike
  3903 | D:3      | Learned a level 2 spell: Static Discharge
  3960 | D:4      | Slain by a goblin

Illustrated notes

Levels and vault maps discovered:
D:1:      minmay_arrival_glassed_features, layout_loops_ring, serial_forest,
          infiniplex_forest_straight_2, infiniplex_forest_clump_curved,
          infiniplex_forest_end_double, infiniplex_forest_straight_2,
          infiniplex_forest_diagonal, infiniplex_forest_straight_5,
          shapermc_ecumenical_altar_mp_ritualfount, minmay_splitting_lines
D:2:      layout_basic, minmay_tetromino_s2
D:3:      layout_loops_ring, serial_co_window_serial, co_window_corner_a,
          co_window_paths_a, co_window_paths_a, co_window_paths_a,
          co_window_paths_b, co_window_paths_b, co_window_corner_a,
          co_window_broadway_c, co_window_corner_b, co_window_2corner,
          co_window_unsneaky_path_d, co_window_of_opportunity_c,
          co_window_paths_e, glass_columns_a, serial_shops, shop_fountains
D:4:      layout_cave_pools, minmay_temple_entry_drinking_statues, serial_shops,
          shop, kennysheep_generic_room_8, uniq_pikel
Temple:   regret_index_temple_generic_petals

Skill      XL: |  1  2  3 |
---------------+----------+-----
Air Magic      | 5 6 |  6.9
Dodging        | |  2.8
Stealth        | |  2.0
Spellcasting   | |  2.0
Conjurations   | |  1.3

Action                   |  1- 3 |  4- 6 || total
-------------------------+-------+-------++-------
Melee: Unarmed           |     1 |     3 ||     4
       Kick              |     1 |       ||     1
 Cast: Shock             |    85 |    37 ||   122
Armor: Robe              |     6 |     1 ||     7
Dodge: Dodged            |    15 |     8 ||    23

Table legend: (Time is in decaauts)
 A = Elapsed time spent in this place.
 B = Non-inter-level travel time spent in this place.
 C = Inter-level travel time spent in this place.
 D = Time resting spent in this place.
 E = Time spent auto-exploring this place.
 F = Levels seen in this place.
 G = Mean time per level.
                   A        B        C        D        E       F      G
               +--------+--------+--------+--------+--------+-----+--------+
         Total |   3960 |   3818 |    142 |     42 |   3407 |   5 |  792.0 |
       Dungeon |   3710 |   3622 |     88 |     42 |   3218 |   4 |  927.5 |
        Temple |    249 |    195 |     54 |      0 |    189 |   1 |  249.0 |
               +--------+--------+--------+--------+--------+-----+--------+

Top non-repeatable levels by time:
     D:1: 1436 daAuts
     D:3: 1292 daAuts
     D:2: 896 daAuts
  Temple: 249 daAuts
     D:4: 85 daAuts
